 Dungeon Crawl Stone Soup version 0.25.1-2-g60ff931df9 (webtiles) character file.

Game seed: 3669388378617876366

908 Pepi the Chopper (level 7, -2/62 HPs)
             Began as a Deep Dwarf Monk on Oct 28, 2020.
             Was a Believer of Wu Jian.
             Slain by Harold
             ... wielding a +3 halberd of venom
              (16 damage)
             ... on level 7 of the Dungeon.
             The game lasted 00:56:53 (3447 turns).

Pepi the Chopper (Deep Dwarf Monk)                  Turns: 3447, Time: 00:56:54

Health: -2/62      AC: 16    Str: 15    XL:     7   Next: 81%
Magic:  1/1        EV: 10    Int: 11    God:    Wu Jian [**....]
Gold:   131        SH:  0    Dex: 16    Spells: 6/6 levels left

rFire    . . .     SeeInvis +   a - +1 hand axe
rCold    . . .     Gourm    .   (no shield)
rNeg     . . .     Faith    .   m - +1 plate armour
rPois    .         Spirit   .   (no helmet)
rElec    .         Reflect  .   (no cloak)
rCorr    .         Harm     .   i - +1 pair of gloves
MR       +....                  (no boots)
Stlth    ..........             (no amulet)
HPRegen  0.00/turn              h - ring of see invisible
MPRegen  0.07/turn              d - +4 ring of evasion

@: lethally poisoned (-2 -> -48), marked, non-regenerating
A: damage resistance, heal wounds, sense surroundings 1, no regeneration
a: Heal Wounds, Wall Jump, Renounce Religion


You were on level 7 of the Dungeon.
You worshipped Wu Jian.
Wu Jian was pleased with you.
You were not hungry.

You visited 1 branch of the dungeon, and saw 5 of its levels.

You collected 131 gold pieces.

Inventory:

Hand Weapons
 a - a +1 hand axe (weapon)
Armour
 i - a +1 pair of gloves (worn)
 m - a +1 plate armour (worn)
Jewellery
 d - a +4 ring of evasion (right hand)
 h - a ring of see invisible (left hand)
 q - a +4 ring of protection {unknown}
Wands
 l - a wand of flame (17)
Scrolls
 g - 3 scrolls of remove curse
 j - a scroll of amnesia
 k - a scroll of noise {unknown}
 n - a scroll of identify
 p - a scroll of random uselessness {unknown}
 r - 2 scrolls of fear {unknown}
Potions
 b - a potion of flight {unknown}
 e - a potion of magic {unknown}
 o - a potion of haste {unknown}
Comestibles
 c - 12 rations


   Skills:
 - Level 3.1 Fighting
 + Level 7.7 Axes
 * Level 6.2 Armour
 - Level 3.6 Dodging
 - Level 2.4 Stealth


You had 6 spell levels left.
You didn't know any spells.
Your spell library contained the following spells:

 Spells                   Type           Power        Failure   Level  Hunger
 Animate Skeleton         Necr           N/A          100%        1    ##.....
 Beastly Appendage        Tmut           #.....       100%        1    ##.....
 Pain                     Necr           #...         100%        1    ##.....
 Sticks to Snakes         Tmut           #.......     100%        2    ###....
 Spider Form              Tmut/Pois      #.........   100%        3    ####...
 Vampiric Draining        Necr           #.........   100%        3    ####...
 Animate Dead             Necr           N/A          100%        4    #####..
 Ice Form                 Ice/Tmut       #.......     100%        4    #####..
 Agony                    Necr           #.......     100%        5    ######.
 Blade Hands              Tmut           #.........   100%        5    ######.


Dungeon Overview and Level Annotations

Branches:
Dungeon (7/15)
 Temple: D:4-7

Altars:
Cheibriados
Dithmenos
Gozag
Wu Jian
Xom
Yredelemnul

Annotations:
D:7 1 runed translucent door, Harold; grovkorv's ghost, novice HaHu


Innate Abilities, Weirdness & Mutations

You are resistant to damage.
You can heal yourself by infusing magical energy.
You passively map a small area around you.
You do not regenerate.


Message History

Harold grumbles, "Just give up already, I want to go home!"
Harold hits you with a +3 halberd of venom!!
You are more poisoned.
You fail to use your ability.
You feel very sick.
Harold hits you with a +3 halberd of venom!
You fail to use your ability.
* * * LOW HITPOINT WARNING * * *
You feel very sick.
You feel much better.
You feel very sick. Harold closely misses you.
Your plate armour prevents you from hitting Harold.
You feel very sick.
Harold hits you with a +3 halberd of venom.
You fail to use your ability.
* * * LOW HITPOINT WARNING * * *
You feel very sick.
Harold hits you with a +3 halberd of venom!!
You die...

#.# #.# #.# #.# #######.###.##
########## #............#
#........# #.###...###..#
#.....####.# #.###.#.###..####
#$###.####.#####........#.....#.
* #...........>...###.....###.
#.####[...@@(..##⌠##....# #. ,.@
#######..##...##...# #. ##
#.##..!..##..###.
#.#W..♣..$+....## * ***
##.##..%..##..### , ,
#...##...##...# , **,*
##...##⌠##..### , ##...###..## ,
##......##


You could see Harold and grovkorv's ghost.

Vanquished Creatures
  A hippogriff (D:7)
  Menkaure (D:4)
  Duvessa (D:4)
  A phantom (D:7)
  Dowan (D:4)
  A water moccasin skeleton (D:7)
  A hound (D:4)
  4 worker ants
  A howler monkey skeleton (D:7)
  7 adders
  A shadow imp (D:4)
  An ooze (D:3)
  An adder skeleton (D:4)
  5 worms
  4 dart slugs
  3 leopard geckos
  5 orcs
  A ball python (D:3)
  6 giant cockroaches
  5 goblins
  7 hobgoblins
  4 jackals (D:2)
  2 quokkas
  7 bats
  3 frilled lizards
  A jackal skeleton (D:4)
  6 kobolds
  A leopard gecko skeleton (D:4)
  5 rats
87 creatures vanquished.

Notes
Turn   | Place    | Note
-------+----------+-------------------------------------------
     0 | D:1      | Pepi the Deep Dwarf Monk began the quest for the Orb.
     0 | D:1      | Reached XP level 1. HP: 20/20 MP: 1/1
   175 | D:1      | Reached XP level 2. HP: 27/27 MP: 2/2
   762 | D:2      | Reached skill level 4 in Axes
   762 | D:2      | Reached XP level 3. HP: 20/33 MP: 2/2
   890 | D:2      | Reached skill level 1 in Armour
  1108 | D:2      | Reached XP level 4. HP: 37/42 MP: 3/3
  1734 | D:3      | Found a shadowy altar of Dithmenos.
  1735 | D:3      | Found a basalt altar of Yredelemnul.
  1735 | D:3      | Found a snail-covered altar of Cheibriados.
  1735 | D:3      | Found a shimmering altar of Xom.
  1736 | D:3      | Found an ornate altar of the Wu Jian Council.
  1778 | D:3      | Became a worshipper of the Wu Jian Council
  1778 | D:3      | Reached * piety under Wu Jian
  1778 | D:3      | Reached ** piety under Wu Jian
  1931 | D:3      | Found a shimmering altar of Xom.
  1941 | D:3      | Reached skill level 5 in Axes
  1992 | D:3      | Reached XP level 5. HP: 49/49 MP: 3/3
  2465 | D:4      | Noticed Dowan
  2466 | D:4      | Noticed Duvessa
  2504 | D:4      | Killed Duvessa
  2504 | D:4      | Reached skill level 6 in Axes
  2504 | D:4      | Reached XP level 6. HP: 45/56 MP: 3/3
  2521 | D:4      | Killed Dowan
  2779 | D:4      | Noticed Menkaure
  2968 | D:4      | Killed Menkaure
  2968 | D:4      | Reached XP level 7. HP: 21/62 MP: 3/3
  3089 | D:4      | You fall into a shaft and drop 3 floors!
  3162 | D:7      | Found an opulent altar of Gozag.
  3283 | D:7      | Noticed a hippogriff
  3311 | D:7      | Killed a hippogriff
  3311 | D:7      | Reached skill level 7 in Axes
  3311 | D:7      | Reached skill level 5 in Armour
  3355 | D:7      | Found a runed translucent door.
  3355 | D:7      | Noticed grovkorv's ghost (novice HaHu)
  3407 | D:7      | Noticed Harold
  3447 | D:7      | Slain by Harold

Illustrated notes

Levels and vault maps discovered:
D:1:      psy_arrival_spokes, layout_basic
D:2:      layout_basic
D:3:      layout_loops_cross, grunt_temple_overflow_open, first_ration,
          xom_teletrap_fun
D:4:      layout_basic, chequers_serial_rivers_marsh, uniq_duvessa,
          uniq_menkaure
D:7:      layout_loops_ring, lemuel_doored_altar,
          hellmonk_ghost_happy_afterlife, minmay_crystal_room, uniq_harold

Skill      XL: |  1  2  3  4  5  6  7 |
---------------+----------------------+-----
Axes           | 4 5 6 7 |  7.7
Armour         | 2 3 4 6 |  6.2
Fighting       | 3 |  3.1
Dodging        | |  3.6
Stealth        | |  2.4

Action                   |  1- 3 |  4- 6 |  7- 9 || total
-------------------------+-------+-------+-------++-------
Melee: Hand axe          |   163 |   265 |    99 ||   527
Invok: Whirlwind         |       |    54 |     2 ||    56
       Lunge             |       |    12 |     5 ||    17
 Abil: Heal Wounds       |     5 |     8 |    10 ||    23
       Wall Jump         |       |     2 |       ||     2
  Use: Scroll            |     3 |     6 |       ||     9
       Potion            |       |     2 |       ||     2
  Eat: Chunk             |     1 |     6 |     2 ||     9
Armor: Scale mail        |    45 |       |       ||    45
       Plate armour      |    14 |   126 |    55 ||   195
Dodge: Dodged            |    79 |   115 |    56 ||   250
